Map: 永恒梦境-天梯版

Players

iGMacSed (MacSed)

  • Race: Protoss Protoss

Silky - Winner!

  • Race: Zerg Zerg
  • League: Master

Event: DreamHack SC2 Masters 2020 Summer China

VOD

Have the link to the VOD?

Description

Time

  • Played on: July 4, 2020, 7:19 a.m.
  • Length: 4:25

All games in this series

Show
View Real Time Build Order
Export as new Build Order

iGMacSed Protoss 

Build Orders: 1 Gate Expand, Oracle Opening 

Get SALT Encoding   

  12  0:00  Probe  
  13  0:13  Probe  
  14  0:18  Pylon  
  14  0:24  Probe  
  15  0:32  Probe  
  15  0:40  Probe  
  15  0:42  Gateway  
  16  0:47  Assimilator  
  17  0:52  Probe  
  18  1:04  Probe  
  19  1:16  Probe  
  20  1:26  Nexus  
  20  1:36  Cybernetics Core  
  20  1:40  Probe  
  20  1:45  Assimilator  
  21  1:52  Probe  
  22  1:55  Pylon  
  22  2:03  Adept  
  22  2:04  Probe  
  25  2:16  Probe  
  25  2:18  Stargate  
  26  2:23  Adept  
  26  2:28  Probe  
  27  2:34  Probe  
  29  2:40  Probe  
  29  2:42  Probe  
  32  2:52  Probe  
  32  2:53  Probe  
  36  3:03  Oracle  
  36  3:04  Probe  
  40  3:16  Pylon  
  40  3:20  Pylon  
  37  3:31  Probe  
  35  3:35  Probe  
  35  3:40  Oracle  
Show
View Real Time Build Order
Export as new Build Order

Silky Zerg - Winner!

Build Orders: Hatch First 

Get SALT Encoding   

  12  0:00  Drone  
  13  0:12  Overlord  
  13  0:17  Drone  
  14  0:30  Drone x2  
  14  0:34  Drone  
  17  0:51  Hatchery  
  17  0:55  Drone  
  17  0:57  Drone  
  17  0:59  Extractor  
  17  1:12  Spawning Pool  
  17  1:16  Drone  
  17  1:18  Drone  
  18  1:30  Drone  
  19  1:44  Hatchery  
  18  1:59  Zergling x2  
  18  2:00  Zergling x2  
  20  2:04  Metabolic Boost  
  20  2:07  Queen  
  22  2:11  Zergling x2  
  22  2:14  Zergling x2  
  24  2:17  Zergling x2  
  25  2:23  Zergling x2  
  25  2:26  Zergling x2  
  25  2:28  Zergling x2  
  28  2:34  Overlord  
  28  2:53  Zergling x6  
  28  2:54  Zergling x2  
  32  3:01  Zergling x4  
  33  3:14  Zergling x6  
  35  3:22  Zergling x2  
  35  3:23  Zergling x10  
  40  3:35  Zergling x4  
  40  3:40  Zergling x2  
  39  3:46  Zergling x2  
  39  3:47  Zergling x2  
  41  3:49  Zergling x2  
  41  3:52  Overlord  
Tags
 
Add a new tag
Caveats
  • Supply blocks, unpowered buildings, or Contaminate may cause inaccurate times.
  • Supply counts are checked every 10 seconds.